Whalers vs Sabres

Created - 14 février 2024 at 12:44

Goals
1 2 3 T
Whalers 0 3 0 3
Sabres 1 3 1 5
Shots
1 2 3 T
Whalers 9 16 4 29
Sabres 7 18 6 31

GoalsPenalties
1st period
1. Sabres , Zach Hyman 17 (David Perron 19, Ivan Provorov 20) at 11:47
No Penalty
2nd period
2. Sabres , Eeli Tolvanen 17 (Sam Steel 9) at 4:19
3. Sabres , Anze Kopitar 22 (Clayton Keller 28, Jeremy Lauzon 8) at 5:39
4. Whalers , Timo Meier 22 (Drake Batherson 27, Vladimir Tarasenko 30) at 11:50
5. Sabres , Nicklas Backstrom 6 (Thomas Novak 15) at 15:56 (PP)
6. Whalers , Drake Batherson 17 (Timo Meier 16, Josh Mahura 4) at 18:15
7. Whalers , Timo Meier 23 (Drake Batherson 28, Vladimir Tarasenko 31) at 18:35
Scott Mayfield (HAR) for Slashing (Minor) at 14:39
3rd period
8. Sabres , David Perron 17 (Thomas Novak 16, Zach Hyman 27) at 4:59
Scott Mayfield (HAR) for Hooking (Minor) at 8:08
Goalie Stats
Jacob Markstrom (HAR), 26 saves from 31 shots - (0,839), L, 20-12-5, 60:00 minutes
Elvis Merzlikins (BUF), 26 saves from 29 shots - (0,897), W, 15-15-0, 60:00 minutes
3 StarsOfficial
1 - Timo Meier (HAR)
2 - Drake Batherson (HAR)
3 - Zach Hyman (BUF)
Referees : Kyle Rehman and Francis Charron
Linesman : Matt MacPherson and Ken Bonham
Game Note
No Game Note
Finance
Level 1 -- Attendance: 5179 (86,32%) -- Ticket Income $517,900
Level 2 -- Attendance: 4464 (89,28%) -- Ticket Income $276,768
Level 3 -- Attendance: 1222 (61,10%) -- Ticket Income $67,210
Level 4 -- Attendance: 2463 (61,58%) -- Ticket Income $73,890
Luxury Box -- Attendance: 968 (96,80%) -- Ticket Income $180,048
Game was played at the First Niagara Center.
Total Attendance: 14296 (79,42%)
Total Ticket Income: $1,115,816
Other Income: $546,750
Total Income: $1,662,566



Team Name Goals Shots Shots Attemp Shots Blocked PIM HIT PP PK FO%
Whalers 32947134190 / 0 (0,00%145%
Sabres 5316350281 / 2 (50%)055%

Whalers
Player Name POS G A P +/- PIM HIT SHT SB MP PP MP PP SHT PK MP PK SHT FO% FOT GA TA
Bryan RustLW/RW000-2012116:330:0000:0000% 000
Drake BathersonC/RW1232011018:260:0000:00033% 2100
Jack McBainC000-1022010:380:0001:35067% 310
Jacob MiddletonD0000022221:070:0000:3300% 002
Josh MahuraD011-1000115:370:0000:0000% 000
Justin FaulkD0000011121:120:0001:0400% 000
Kyle BurroughsD000-1010217:400:0002:4300% 002
Max PaciorettyLW0000013012:390:0000:0000% 010
Oskar SundqvistC/LW/RW0000003012:360:0000:0000% 000
Pierre-edouard BellemareC/LW/RW0000010115:180:0001:41060% 500
Reilly SmithLW/RW000-2023017:470:0001:350100% 100
Scott MayfieldD0000410220:360:0000:0000% 000
Sean WalkerD0000020122:350:0002:1200% 001
Shane PintoC000-2001016:140:0000:00050% 1800
Timo MeierLW/RW2132025018:390:0000:0000% 101
Trevor LewisC/LW/RW000-101009:020:0000:0000% 000
Ty DellandreaC/RW000-1010211:440:0001:4100% 000
Vladimir TarasenkoRW0222006018:190:0000:0000% 001
Sabres
Player Name POS G A P +/- PIM HIT SHT SB MP PP MP PP SHT PK MP PK SHT FO% FOT GA TA
Anze KopitarC1010024018:001:3200:00067% 1210
Clayton KellerLW/RW0110003118:001:3200:00025% 410
David PerronLW/RW1121013016:230:0600:0000% 000
Eeli TolvanenLW/RW1010042012:371:3800:0000% 010
Filip HronekD000-1021123:222:2400:0000% 001
Ivan ProvorovD011-1041122:340:5200:0000% 000
Jakub VranaLW/RW0000001015:132:2400:0000% 000
Jeremy LauzonD0111031019:590:0000:0000% 000
Marco ScandellaD0001012015:100:0000:0000% 001
Nicklas BackstromC1010023015:341:3810:00046% 1300
Rasmus SandinD0001000015:100:0000:0000% 000
Ryan ReavesLW/RW0000010010:460:0000:0000% 000
Sam SteelC/LW/RW0110013011:350:0600:00080% 500
Sebastian AhoDD0001010120:250:0000:0000% 000
Seth JarvisRW0000003013:170:0600:0000% 000
Thomas NovakC0221010016:410:5200:00053% 1500
Trevor ZegrasC/LW0000040018:131:3800:0000% 030
Zach HymanLW/RW1121014117:011:3200:0000% 010

Whalers

5 vs 5 Forward
Line #Left WingCenterRight WingPHYDFOFWanted %Time %Time Play
1Timo MeierDrake BathersonVladimir Tarasenko0233633%18:51
2Reilly SmithShane PintoBryan Rust0233429%16:15
3Max PaciorettyPierre-edouard BellemareOskar Sundqvist0232222%12:36
4Trevor LewisJack McBainTy Dellandrea023816%9:02
5 vs 5 Defense
Line #DefenseDefensePHYDFOFWanted %Time %Time Play
1Justin FaulkScott Mayfield0323736%20:25
2Jacob MiddletonSean Walker0323736%20:33
3Josh MahuraKyle Burroughs0322628%15:46
4Justin FaulkSean Walker12200%0:00
Power Play Forward
Line #Left WingCenterRight WingPHYDFOFWanted %Time %Time Play
1Timo MeierDrake BathersonVladimir Tarasenko005500%0:00
2Reilly SmithShane PintoBryan Rust005500%0:00
Power Play Defense
Line #DefenseDefensePHYDFOFWanted %Time %Time Play
1Justin FaulkScott Mayfield032500%0:00
2Jacob MiddletonSean Walker032500%0:00
Penalty Kill 4 Players Forward
Line #CenterWingPHYDFOFWanted %Time %Time Play
1Pierre-edouard BellemareTy Dellandrea0415052%1:41
2Jack McBainReilly Smith0415048%1:35
Penalty Kill 4 Players Defense
Line #DefenseDefensePHYDFOFWanted %Time %Time Play
1Sean WalkerJacob Middleton0505017%0:33
2Scott MayfieldKyle Burroughs0505083%2:43
Penalty Kill 3 Players
Line #WingPHYDFOFWanted %Time %Time PlayDefenseDefensePHYDFOFWanted %Time %Time Play
1Pierre-edouard Bellemare050500%0:00 Sean WalkerJacob Middleton050500%0:00
2Jack McBain050500%0:00 Scott MayfieldKyle Burroughs050500%0:00
4 vs 4 Forward
Line #CenterWingPHYDFOFWanted %Time %Time Play
1Drake BathersonTimo Meier023500%0:00
2Oskar SundqvistReilly Smith023500%0:00
4 vs 4 Defense
Line #DefensePHYDFOFWanted %Time %Time Play
1Kyle BurroughsJosh Mahura032600%0:00
2Jacob MiddletonSean Walker032400%0:00
Last Minutes Offensive
Left WingCenterRight WingDefenseDefense
Timo MeierDrake BathersonVladimir TarasenkoJustin FaulkScott Mayfield
Last Minutes Defensive
Left WingCenterRight WingDefenseDefense
Reilly SmithPierre-edouard BellemareTy DellandreaSean WalkerScott Mayfield
Time
Total ForwardTotal DefenseLast Minutes OffensiveLast Minutes Defensive
60:00 60:00 0:000:00
Extra Forwards
Normal PowerPlayPenalty Kill
Timo Meier, Vladimir Tarasenko, Reilly SmithTy Dellandrea, Jack McBainShane Pinto
Extra Defensemen
Normal PowerPlayPenalty Kill
Justin Faulk, Sean Walker, Jacob MiddletonScott Mayfield, Scott MayfieldKyle Burroughs
Penalty Shots
Bryan Rust, Drake Batherson, Vladimir Tarasenko, Reilly Smith, Timo Meier
Goalie
Jacob Markstrom, Jake Allen
Custom OT Lines Forwards
Drake Batherson, Timo Meier, Vladimir Tarasenko, Reilly Smith, Bryan Rust, Shane Pinto, Max Pacioretty, Jack McBain, Ty Dellandrea, Oskar Sundqvist
Custom OT Lines Defensemen
Justin Faulk, Sean Walker, Jacob Middleton, Scott Mayfield, Kyle Burroughs
Scratches
Zack Kassian (Healthy), Adam Cracknell (Suspend), David Savard (Bruised Right Arm Injury), Riley Nash (Healthy)

Sabres

5 vs 5 Forward
Line #Left WingCenterRight WingPHYDFOFWanted %Time %Time Play
1Trevor ZegrasAnze KopitarClayton Keller0143030%17:02
2Zach HymanThomas NovakDavid Perron0232828%15:45
3Jakub VranaNicklas BackstromSeth Jarvis0232423%13:11
4Eeli TolvanenSam SteelRyan Reaves1221819%10:46
5 vs 5 Defense
Line #DefenseDefensePHYDFOFWanted %Time %Time Play
1Ivan ProvorovFilip Hronek0233937%20:49
2Sebastian AhoDJeremy Lauzon0233635%20:03
3Marco ScandellaRasmus Sandin0322527%15:10
4Sebastian AhoDIvan Provorov12201%0:42
Power Play Forward
Line #Left WingCenterRight WingPHYDFOFWanted %Time %Time Play
1Clayton KellerAnze KopitarZach Hyman0055547%1:32
2Trevor ZegrasNicklas BackstromEeli Tolvanen0054553%1:44
Power Play Defense
Line #DefenseDefensePHYDFOFWanted %Time %Time Play
1Jakub VranaFilip Hronek0145573%2:24
2Thomas NovakIvan Provorov0144527%0:52
Penalty Kill 4 Players Forward
Line #CenterWingPHYDFOFWanted %Time %Time Play
1Sam SteelRyan Reaves050510%0:00
2Anze KopitarSam Steel050490%0:00
Penalty Kill 4 Players Defense
Line #DefenseDefensePHYDFOFWanted %Time %Time Play
1Sebastian AhoDJeremy Lauzon050600%0:00
2Ivan ProvorovMarco Scandella050400%0:00
Penalty Kill 3 Players
Line #WingPHYDFOFWanted %Time %Time PlayDefenseDefensePHYDFOFWanted %Time %Time Play
1Anze Kopitar050600%0:00 Ivan ProvorovFilip Hronek050600%0:00
2Sam Steel050400%0:00 Sebastian AhoDJeremy Lauzon050400%0:00
4 vs 4 Forward
Line #CenterWingPHYDFOFWanted %Time %Time Play
1Thomas NovakDavid Perron122500%0:00
2Sam SteelSeth Jarvis122500%0:00
4 vs 4 Defense
Line #DefensePHYDFOFWanted %Time %Time Play
1Ivan ProvorovFilip Hronek122550%0:00
2Sebastian AhoDJeremy Lauzon122450%0:00
Last Minutes Offensive
Left WingCenterRight WingDefenseDefense
Clayton KellerAnze KopitarZach HymanIvan ProvorovFilip Hronek
Last Minutes Defensive
Left WingCenterRight WingDefenseDefense
Clayton KellerAnze KopitarZach HymanSebastian AhoDMarco Scandella
Time
Total ForwardTotal DefenseLast Minutes OffensiveLast Minutes Defensive
60:00 60:00 0:000:00
Extra Forwards
Normal PowerPlayPenalty Kill
Trevor Zegras, Nicklas Backstrom, Eeli TolvanenTrevor Zegras, Nicklas BackstromTrevor Zegras
Extra Defensemen
Normal PowerPlayPenalty Kill
Marco Scandella, Rasmus Sandin, Sebastian AhoDIvan Provorov, Ivan ProvorovRasmus Sandin
Penalty Shots
Trevor Zegras, Thomas Novak, Anze Kopitar, Nicklas Backstrom, David Perron
Goalie
Elvis Merzlikins, Mads Sogaard
Custom OT Lines Forwards
Anze Kopitar, Clayton Keller, Zach Hyman, David Perron, Trevor Zegras, Nicklas Backstrom, Eeli Tolvanen, Jakub Vrana, Seth Jarvis, Thomas Novak
Custom OT Lines Defensemen
Ivan Provorov, Filip Hronek, Sebastian AhoD, Jeremy Lauzon, Rasmus Sandin
Scratches
Derek Forbort (Torn Right ACL Injury)


Play-by-Play

1st period


0:01 of 1st period - Drake Batherson wins face-off versus Clayton Keller in neutral zone.
1:04 of 1st period - Off-side.
1:05 of 1st period - Sam Steel wins face-off versus Jack McBain in neutral zone.
1:31 of 1st period - Jack McBain is hit by Eeli Tolvanen and loses puck.
1:44 of 1st period - Snap shot by Jack McBain.
1:44 of 1st period - Stopped by Elvis Merzlikins without a rebound.
1:45 of 1st period - Anze Kopitar wins face-off versus Drake Batherson in Sabres zone.
2:37 of 1st period - Ivan Provorov is hit by Jacob Middleton and loses puck.
3:00 of 1st period - Snap shot by Vladimir Tarasenko.
3:00 of 1st period - Stopped by Elvis Merzlikins without a rebound.
3:01 of 1st period - Drake Batherson wins face-off versus Clayton Keller in Sabres zone.
3:47 of 1st period - Off-side.
3:48 of 1st period - Thomas Novak wins face-off versus Pierre-edouard Bellemare in neutral zone.
3:58 of 1st period - Off-side.
3:59 of 1st period - Shane Pinto wins face-off versus Anze Kopitar in neutral zone.
4:24 of 1st period - Justin Faulk is hit by Jeremy Lauzon and loses puck.
5:35 of 1st period - Slapshot by Clayton Keller.
5:35 of 1st period - Deflect By Justin Faulk.
5:35 of 1st period - Stopped by Jacob Markstrom with a rebound.
5:37 of 1st period - Snap shot by Clayton Keller.
5:37 of 1st period - Shot Misses the Net.
5:55 of 1st period - Snap shot by Vladimir Tarasenko.
5:55 of 1st period - Shot Blocked by Sebastian AhoD.
6:05 of 1st period - Snap shot by Max Pacioretty.
6:05 of 1st period - Deflect By Oskar Sundqvist.
6:05 of 1st period - Stopped by Elvis Merzlikins with a rebound.
6:25 of 1st period - Jeremy Lauzon is hit by Reilly Smith and loses puck.
6:56 of 1st period - Snap shot by Clayton Keller.
6:56 of 1st period - Shot Blocked by Kyle Burroughs.
7:31 of 1st period - Snap shot by Max Pacioretty.
7:31 of 1st period - Deflect By Oskar Sundqvist.
7:31 of 1st period - Stopped by Elvis Merzlikins with a rebound.
7:47 of 1st period - Slapshot by Reilly Smith.
7:47 of 1st period - Stopped by Elvis Merzlikins with a rebound.
9:14 of 1st period - Sean Walker is hit by Eeli Tolvanen and loses puck.
9:19 of 1st period - Snap shot by Sam Steel.
9:19 of 1st period - Stopped by Jacob Markstrom with a rebound.
9:35 of 1st period - Jacob Middleton is hit by Jeremy Lauzon and loses puck.
10:02 of 1st period - Max Pacioretty is hit by Nicklas Backstrom and loses puck.
10:25 of 1st period - Slapshot by David Perron.
10:25 of 1st period - Shot Blocked by Scott Mayfield.
10:27 of 1st period - Slapshot by Marco Scandella.
10:27 of 1st period - Stopped by Jacob Markstrom with a rebound.
10:37 of 1st period - Sam Steel is hit by Jack McBain.
11:24 of 1st period - Snap shot by David Perron.
11:24 of 1st period - Shot Misses the Net.
11:26 of 1st period - Snap shot by Ivan Provorov.
11:26 of 1st period - Deflect By Shane Pinto.
11:26 of 1st period - Stopped by Jacob Markstrom without a rebound.
11:27 of 1st period - Shane Pinto wins face-off versus Thomas Novak in Whalers zone.
11:45 of 1st period - Snap shot by David Perron.
11:45 of 1st period - Shot Blocked by Bryan Rust.
11:47 of 1st period - Wrist shot by Zach Hyman.
11:47 of 1st period - Goal by Zach Hyman - Whalers : 0 - Sabres : 1.
11:48 of 1st period - Anze Kopitar wins face-off versus Timo Meier in neutral zone.
11:53 of 1st period - Snap shot by Clayton Keller.
11:53 of 1st period - Shot Misses the Net.
11:59 of 1st period - Snap shot by Clayton Keller.
11:59 of 1st period - Shot Misses the Net.
12:29 of 1st period - Kyle Burroughs is hit by Ivan Provorov and loses puck.
12:46 of 1st period - Bryan Rust is hit by Ivan Provorov and loses puck.
13:29 of 1st period - Off-side.
13:30 of 1st period - Sam Steel wins face-off versus Drake Batherson in neutral zone.
13:47 of 1st period - Slapshot by Vladimir Tarasenko.
13:47 of 1st period - Stopped by Elvis Merzlikins without a rebound.
13:48 of 1st period - Shane Pinto wins face-off versus Thomas Novak in Sabres zone.
14:15 of 1st period - Sebastian AhoD is hit by Sean Walker and loses puck.
15:18 of 1st period - Icing by Jakub Vrana.
15:19 of 1st period - Thomas Novak wins face-off versus Shane Pinto in Sabres zone.
15:25 of 1st period - Icing by Shane Pinto.
15:26 of 1st period - Thomas Novak wins face-off versus Shane Pinto in Whalers zone.
15:27 of 1st period - Wrist shot by Zach Hyman.
15:27 of 1st period - Stopped by Jacob Markstrom without a rebound.
15:28 of 1st period - Anze Kopitar wins face-off versus Drake Batherson in Whalers zone.
16:21 of 1st period - Off-side.
16:22 of 1st period - Anze Kopitar wins face-off versus Drake Batherson in neutral zone.
16:39 of 1st period - Timo Meier is hit by Trevor Zegras and loses puck.
17:20 of 1st period - Snap shot by Max Pacioretty.
17:20 of 1st period - Stopped by Elvis Merzlikins with a rebound.
17:22 of 1st period - Wrist shot by Max Pacioretty.
17:22 of 1st period - Stopped by Elvis Merzlikins with a rebound.
19:10 of 1st period - Jack McBain is hit by Ivan Provorov and loses puck.
19:39 of 1st period - Snap shot by Anze Kopitar.
19:39 of 1st period - Stopped by Jacob Markstrom with a rebound.
19:56 of 1st period - Snap shot by Vladimir Tarasenko.
19:56 of 1st period - Stopped by Elvis Merzlikins without a rebound.
19:57 of 1st period - Sam Steel wins face-off versus Shane Pinto in Sabres zone.
Goals for this period are 0 for Whalers vs 1 for Sabres.
Shots for this period are 9 for Whalers vs 7 for Sabres.

2nd period


0:01 of 2nd period - Thomas Novak wins face-off versus Shane Pinto in neutral zone.
0:04 of 2nd period - Wrist shot by David Perron.
0:04 of 2nd period - Shot Misses the Net.
0:14 of 2nd period - Slapshot by Reilly Smith.
0:14 of 2nd period - Stopped by Elvis Merzlikins with a rebound.
1:11 of 2nd period - Snap shot by Jakub Vrana.
1:11 of 2nd period - Stopped by Jacob Markstrom with a rebound.
1:13 of 2nd period - Snap shot by Seth Jarvis.
1:13 of 2nd period - Shot Blocked by Justin Faulk.
1:15 of 2nd period - Wrist shot by Seth Jarvis.
1:15 of 2nd period - Stopped by Jacob Markstrom with a rebound.
1:31 of 2nd period - Snap shot by Bryan Rust.
1:31 of 2nd period - Stopped by Elvis Merzlikins with a rebound.
1:33 of 2nd period - Wrist shot by Shane Pinto.
1:33 of 2nd period - Shot Misses the Net.
1:35 of 2nd period - Snap shot by Justin Faulk.
1:35 of 2nd period - Shot Misses the Net.
1:45 of 2nd period - Drake Batherson is hit by Trevor Zegras and loses puck.
2:44 of 2nd period - Snap shot by Eeli Tolvanen.
2:44 of 2nd period - Shot Misses the Net.
2:46 of 2nd period - Slapshot by Marco Scandella.
2:46 of 2nd period - Shot Blocked by Ty Dellandrea.
2:48 of 2nd period - Slapshot by Eeli Tolvanen.
2:48 of 2nd period - Stopped by Jacob Markstrom without a rebound.
2:49 of 2nd period - Shane Pinto wins face-off versus Thomas Novak in Whalers zone.
3:25 of 2nd period - Wrist shot by Trevor Zegras.
3:25 of 2nd period - Shot Misses the Net.
4:03 of 2nd period - Snap shot by Zach Hyman.
4:03 of 2nd period - Shot Blocked by Jacob Middleton.
4:05 of 2nd period - Wrist shot by Zach Hyman.
4:05 of 2nd period - Stopped by Jacob Markstrom with a rebound.
4:07 of 2nd period - Backhand shot by Filip Hronek.
4:07 of 2nd period - Stopped by Jacob Markstrom with a rebound.
4:09 of 2nd period - Snap shot by David Perron.
4:09 of 2nd period - Stopped by Jacob Markstrom with a rebound.
4:19 of 2nd period - Snap shot by Eeli Tolvanen.
4:19 of 2nd period - Goal by Eeli Tolvanen - Whalers : 0 - Sabres : 2.
4:20 of 2nd period - Reilly Smith wins face-off versus Anze Kopitar in neutral zone.
4:29 of 2nd period - Snap shot by Clayton Keller.
4:29 of 2nd period - Deflect By Bryan Rust.
4:29 of 2nd period - Shot Blocked by Josh Mahura.
4:29 of 2nd period - Puck is out of play.
4:30 of 2nd period - Shane Pinto wins face-off versus Anze Kopitar in Whalers zone.
4:45 of 2nd period - Snap shot by Bryan Rust.
4:45 of 2nd period - Stopped by Elvis Merzlikins with a rebound.
5:01 of 2nd period - Snap shot by Clayton Keller.
5:01 of 2nd period - Deflect By Anze Kopitar.
5:01 of 2nd period - Stopped by Jacob Markstrom with a rebound.
5:39 of 2nd period - Slapshot by Anze Kopitar.
5:39 of 2nd period - Goal by Anze Kopitar - Whalers : 0 - Sabres : 3.
5:40 of 2nd period - Thomas Novak wins face-off versus Drake Batherson in neutral zone.
5:43 of 2nd period - Vladimir Tarasenko is hit by Filip Hronek and loses puck.
6:06 of 2nd period - Wrist shot by Max Pacioretty.
6:06 of 2nd period - Stopped by Elvis Merzlikins without a rebound.
6:07 of 2nd period - Pierre-edouard Bellemare wins face-off versus Nicklas Backstrom in Sabres zone.
6:18 of 2nd period - Slapshot by Oskar Sundqvist.
6:18 of 2nd period - Shot Misses the Net.
6:20 of 2nd period - Snap shot by Pierre-edouard Bellemare.
6:20 of 2nd period - Deflect By Max Pacioretty.
6:20 of 2nd period - Shot Misses the Net.
6:20 of 2nd period - Puck is out of play.
6:21 of 2nd period - Drake Batherson wins face-off versus Thomas Novak in Sabres zone.
6:36 of 2nd period - Snap shot by Vladimir Tarasenko.
6:36 of 2nd period - Stopped by Elvis Merzlikins with a rebound.
6:38 of 2nd period - Slapshot by Jacob Middleton.
6:38 of 2nd period - Shot Blocked by Ivan Provorov.
6:48 of 2nd period - Snap shot by Oskar Sundqvist.
6:48 of 2nd period - Stopped by Elvis Merzlikins with a rebound.
7:18 of 2nd period - Snap shot by David Perron.
7:18 of 2nd period - Stopped by Jacob Markstrom with a rebound.
7:25 of 2nd period - Off-side.
7:26 of 2nd period - Nicklas Backstrom wins face-off versus Drake Batherson in neutral zone.
7:50 of 2nd period - Icing by Seth Jarvis.
7:51 of 2nd period - Shane Pinto wins face-off versus Nicklas Backstrom in Sabres zone.
8:12 of 2nd period - Wrist shot by Nicklas Backstrom.
8:12 of 2nd period - Stopped by Jacob Markstrom with a rebound.
8:14 of 2nd period - Wrist shot by Seth Jarvis.
8:14 of 2nd period - Deflect By Jakub Vrana.
8:14 of 2nd period - Shot Blocked by Scott Mayfield.
8:14 of 2nd period - Puck is out of play.
8:15 of 2nd period - Anze Kopitar wins face-off versus Drake Batherson in Whalers zone.
8:42 of 2nd period - Sam Steel is hit by Jacob Middleton and loses puck.
8:53 of 2nd period - Snap shot by Bryan Rust.
8:53 of 2nd period - Deflect By Shane Pinto.
8:53 of 2nd period - Stopped by Elvis Merzlikins with a rebound.
8:55 of 2nd period - Snap shot by Reilly Smith.
8:55 of 2nd period - Shot Hit the Post.
9:05 of 2nd period - Oskar Sundqvist is hit by Filip Hronek and loses puck.
11:36 of 2nd period - Snap shot by Anze Kopitar.
11:36 of 2nd period - Stopped by Jacob Markstrom without a rebound.
11:37 of 2nd period - Thomas Novak wins face-off versus Drake Batherson in Whalers zone.
11:50 of 2nd period - Snap shot by Timo Meier.
11:50 of 2nd period - Goal by Timo Meier - Whalers : 1 - Sabres : 3.
11:51 of 2nd period - Sam Steel wins face-off versus Drake Batherson in neutral zone.
11:56 of 2nd period - Snap shot by Sam Steel.
11:56 of 2nd period - Stopped by Jacob Markstrom with a rebound.
12:16 of 2nd period - Jeremy Lauzon is hit by Reilly Smith and loses puck.
12:23 of 2nd period - Snap shot by Bryan Rust.
12:23 of 2nd period - Shot Misses the Net.
12:25 of 2nd period - Wrist shot by Reilly Smith.
12:25 of 2nd period - Stopped by Elvis Merzlikins with a rebound.
12:48 of 2nd period - Slapshot by Filip Hronek.
12:48 of 2nd period - Deflect By Seth Jarvis.
12:48 of 2nd period - Stopped by Jacob Markstrom with a rebound.
13:07 of 2nd period - Slapshot by Justin Faulk.
13:07 of 2nd period - Stopped by Elvis Merzlikins with a rebound.
13:21 of 2nd period - Snap shot by Zach Hyman.
13:21 of 2nd period - Stopped by Jacob Markstrom without a rebound.
13:22 of 2nd period - Thomas Novak wins face-off versus Drake Batherson in Whalers zone.
14:20 of 2nd period - Wrist shot by Vladimir Tarasenko.
14:20 of 2nd period - Stopped by Elvis Merzlikins with a rebound.
14:22 of 2nd period - Slapshot by Jacob Middleton.
14:22 of 2nd period - Stopped by Elvis Merzlikins with a rebound.
14:28 of 2nd period - Snap shot by Vladimir Tarasenko.
14:28 of 2nd period - Deflect By Timo Meier.
14:28 of 2nd period - Stopped by Elvis Merzlikins without a rebound.
14:29 of 2nd period - Shane Pinto wins face-off versus Nicklas Backstrom in Sabres zone.
14:32 of 2nd period - Wrist shot by Reilly Smith.
14:32 of 2nd period - Shot Misses the Net.
14:39 of 2nd period - Minor Penalty to Scott Mayfield for Slashing.
14:40 of 2nd period - Pierre-edouard Bellemare wins face-off versus Nicklas Backstrom in Whalers zone.
14:54 of 2nd period - Wrist shot by Trevor Zegras.
14:54 of 2nd period - Deflect By Nicklas Backstrom.
14:54 of 2nd period - Shot Blocked by Sean Walker.
14:54 of 2nd period - Puck is out of play.
14:55 of 2nd period - Pierre-edouard Bellemare wins face-off versus Clayton Keller in Whalers zone.
15:44 of 2nd period - Icing by Ivan Provorov.
15:45 of 2nd period - Nicklas Backstrom wins face-off versus Pierre-edouard Bellemare in Sabres zone.
15:56 of 2nd period - Snap shot by Nicklas Backstrom.
15:56 of 2nd period - Goal by Nicklas Backstrom - Whalers : 1 - Sabres : 4.
15:57 of 2nd period - Shane Pinto wins face-off versus Nicklas Backstrom in neutral zone.
16:04 of 2nd period - Slapshot by Bryan Rust.
16:04 of 2nd period - Shot Misses the Net.
16:22 of 2nd period - Scott Mayfield is hit by Ryan Reaves.
17:17 of 2nd period - Wrist shot by David Perron.
17:17 of 2nd period - Shot Misses the Net.
17:27 of 2nd period - Slapshot by Seth Jarvis.
17:27 of 2nd period - Shot Misses the Net.
17:29 of 2nd period - Slapshot by Marco Scandella.
17:29 of 2nd period - Shot Misses the Net.
17:33 of 2nd period - Snap shot by Nicklas Backstrom.
17:33 of 2nd period - Shot Blocked by Ty Dellandrea.
17:35 of 2nd period - Wrist shot by Nicklas Backstrom.
17:35 of 2nd period - Stopped by Jacob Markstrom with a rebound.
17:37 of 2nd period - Slapshot by Jeremy Lauzon.
17:37 of 2nd period - Stopped by Jacob Markstrom without a rebound.
17:38 of 2nd period - Anze Kopitar wins face-off versus Drake Batherson in Whalers zone.
17:39 of 2nd period - Snap shot by Clayton Keller.
17:39 of 2nd period - Shot Misses the Net.
17:45 of 2nd period - Snap shot by Vladimir Tarasenko.
17:45 of 2nd period - Stopped by Elvis Merzlikins without a rebound.
17:46 of 2nd period - Anze Kopitar wins face-off versus Drake Batherson in Sabres zone.
18:07 of 2nd period - Wrist shot by Vladimir Tarasenko.
18:07 of 2nd period - Shot Misses the Net.
18:09 of 2nd period - Slapshot by Kyle Burroughs.
18:09 of 2nd period - Shot Blocked by Clayton Keller.
18:11 of 2nd period - Wrist shot by Josh Mahura.
18:11 of 2nd period - Shot Misses the Net.
18:13 of 2nd period - Wrist shot by Timo Meier.
18:13 of 2nd period - Shot Blocked by Filip Hronek.
18:15 of 2nd period - Wrist shot by Drake Batherson.
18:15 of 2nd period - Goal by Drake Batherson - Whalers : 2 - Sabres : 4.
18:16 of 2nd period - Nicklas Backstrom wins face-off versus Shane Pinto in neutral zone.
18:19 of 2nd period - Reilly Smith is hit by Nicklas Backstrom and loses puck.
18:31 of 2nd period - Wrist shot by Bryan Rust.
18:31 of 2nd period - Deflect By Nicklas Backstrom.
18:31 of 2nd period - Shot Misses the Net.
18:31 of 2nd period - Puck is out of play.
18:32 of 2nd period - Drake Batherson wins face-off versus Sam Steel in Sabres zone.
18:35 of 2nd period - Snap shot by Drake Batherson.
18:35 of 2nd period - Deflect By Timo Meier.
18:35 of 2nd period - Goal by Timo Meier - Whalers : 3 - Sabres : 4.
18:36 of 2nd period - Nicklas Backstrom wins face-off versus Shane Pinto in neutral zone.
18:43 of 2nd period - Bryan Rust is hit by Sebastian AhoD and loses puck.
19:02 of 2nd period - Timo Meier is hit by Jeremy Lauzon and loses puck.
19:31 of 2nd period - Snap shot by Zach Hyman.
19:31 of 2nd period - Shot Misses the Net.
19:53 of 2nd period - Jack McBain is hit by Marco Scandella and loses puck.
Goals for this period are 3 for Whalers vs 3 for Sabres.
Shots for this period are 16 for Whalers vs 18 for Sabres.

3rd period


0:01 of 3rd period - Shane Pinto wins face-off versus Nicklas Backstrom in neutral zone.
0:12 of 3rd period - Shane Pinto is hit by Ivan Provorov and loses puck.
0:25 of 3rd period - Filip Hronek is hit by Timo Meier and loses puck.
0:33 of 3rd period - Off-side.
0:34 of 3rd period - Drake Batherson wins face-off versus Thomas Novak in neutral zone.
0:44 of 3rd period - Off-side.
0:45 of 3rd period - Clayton Keller wins face-off versus Shane Pinto in neutral zone.
0:54 of 3rd period - Slapshot by Clayton Keller.
0:54 of 3rd period - Shot Misses the Net.
1:10 of 3rd period - Jeremy Lauzon is hit by Max Pacioretty.
1:32 of 3rd period - Snap shot by Drake Batherson.
1:32 of 3rd period - Shot Misses the Net.
1:34 of 3rd period - Snap shot by Jacob Middleton.
1:34 of 3rd period - Stopped by Elvis Merzlikins without a rebound.
1:35 of 3rd period - Drake Batherson wins face-off versus Nicklas Backstrom in Sabres zone.
2:00 of 3rd period - David Perron is hit by Justin Faulk and loses puck.
2:29 of 3rd period - Snap shot by Reilly Smith.
2:29 of 3rd period - Shot Misses the Net.
2:48 of 3rd period - Wrist shot by Clayton Keller.
2:48 of 3rd period - Shot Blocked by Pierre-edouard Bellemare.
2:54 of 3rd period - Justin Faulk is hit by Anze Kopitar.
3:08 of 3rd period - Off-side.
3:09 of 3rd period - Jack McBain wins face-off versus Thomas Novak in neutral zone.
3:16 of 3rd period - Slapshot by Jack McBain.
3:16 of 3rd period - Shot Blocked by Zach Hyman.
3:22 of 3rd period - Snap shot by Jack McBain.
3:22 of 3rd period - Stopped by Elvis Merzlikins without a rebound.
3:23 of 3rd period - Nicklas Backstrom wins face-off versus Shane Pinto in Sabres zone.
3:32 of 3rd period - Snap shot by Nicklas Backstrom.
3:32 of 3rd period - Shot Misses the Net.
4:16 of 3rd period - Eeli Tolvanen is hit by Pierre-edouard Bellemare and loses puck.
4:33 of 3rd period - Wrist shot by Clayton Keller.
4:33 of 3rd period - Stopped by Jacob Markstrom with a rebound.
4:35 of 3rd period - Slapshot by Trevor Zegras.
4:35 of 3rd period - Shot Misses the Net.
4:37 of 3rd period - Snap shot by Trevor Zegras.
4:37 of 3rd period - Shot Misses the Net.
4:39 of 3rd period - Slapshot by Jeremy Lauzon.
4:39 of 3rd period - Deflect By Clayton Keller.
4:39 of 3rd period - Stopped by Jacob Markstrom without a rebound.
4:40 of 3rd period - Drake Batherson wins face-off versus Thomas Novak in Whalers zone.
4:49 of 3rd period - Wrist shot by Timo Meier.
4:49 of 3rd period - Stopped by Elvis Merzlikins without a rebound.
4:50 of 3rd period - Thomas Novak wins face-off versus Drake Batherson in Sabres zone.
4:59 of 3rd period - Slapshot by David Perron.
4:59 of 3rd period - Goal by David Perron - Whalers : 3 - Sabres : 5.
5:00 of 3rd period - Nicklas Backstrom wins face-off versus Shane Pinto in neutral zone.
5:13 of 3rd period - Slapshot by Nicklas Backstrom.
5:13 of 3rd period - Shot Blocked by Jacob Middleton.
6:12 of 3rd period - Slapshot by Sam Steel.
6:12 of 3rd period - Stopped by Jacob Markstrom with a rebound.
6:26 of 3rd period - Snap shot by Jakub Vrana.
6:26 of 3rd period - Shot Misses the Net.
6:28 of 3rd period - Backhand shot by Marco Scandella.
6:28 of 3rd period - Shot Misses the Net.
6:30 of 3rd period - Slapshot by Marco Scandella.
6:30 of 3rd period - Stopped by Jacob Markstrom with a rebound.
6:32 of 3rd period - Snap shot by Marco Scandella.
6:32 of 3rd period - Shot Blocked by Kyle Burroughs.
6:34 of 3rd period - Slapshot by Marco Scandella.
6:34 of 3rd period - Shot Misses the Net.
6:36 of 3rd period - Snap shot by Seth Jarvis.
6:36 of 3rd period - Stopped by Jacob Markstrom without a rebound.
6:37 of 3rd period - Anze Kopitar wins face-off versus Drake Batherson in Whalers zone.
6:52 of 3rd period - Snap shot by Timo Meier.
6:52 of 3rd period - Stopped by Elvis Merzlikins with a rebound.
8:08 of 3rd period - Minor Penalty to Scott Mayfield for Hooking.
8:09 of 3rd period - Jack McBain wins face-off versus Anze Kopitar in Whalers zone.
8:33 of 3rd period - Reilly Smith is hit by Zach Hyman and loses puck.
9:23 of 3rd period - Justin Faulk is hit by Trevor Zegras and loses puck.
10:08 of 3rd period - Penalty to Scott Mayfield is over, Scott Mayfield is back on ice.
10:22 of 3rd period - Sam Steel is hit by Drake Batherson and loses puck.
10:35 of 3rd period - Sam Steel is hit by Scott Mayfield and loses puck.
11:04 of 3rd period - Zach Hyman is hit by Jack McBain.
11:37 of 3rd period - Scott Mayfield is hit by Anze Kopitar and loses puck.
12:12 of 3rd period - Eeli Tolvanen is hit by Sean Walker.
12:53 of 3rd period - Nicklas Backstrom is hit by Timo Meier and loses puck.
13:06 of 3rd period - Justin Faulk is hit by Sam Steel.
13:44 of 3rd period - Ryan Reaves is hit by Kyle Burroughs.
14:22 of 3rd period - Marco Scandella is hit by Trevor Lewis and loses puck.
14:47 of 3rd period - Filip Hronek is hit by Ty Dellandrea and loses puck.
15:19 of 3rd period - Shane Pinto is hit by Trevor Zegras and loses puck.
15:36 of 3rd period - Max Pacioretty is hit by Eeli Tolvanen and loses puck.
15:53 of 3rd period - Timo Meier is hit by Thomas Novak and loses puck.
16:15 of 3rd period - David Perron is hit by Bryan Rust.
18:18 of 3rd period - Scott Mayfield is hit by Eeli Tolvanen and loses puck.
19:28 of 3rd period - Timo Meier is hit by David Perron and loses puck.
Goals for this period are 0 for Whalers vs 1 for Sabres.
Shots for this period are 4 for Whalers vs 6 for Sabres.